 Dungeon Crawl Stone Soup version 0.28-a0-80-g9707f7362f (webtiles) character file.

Game seed: 17718614828524682308

130 pokeman the Magician (level 4, -3/25 HPs)
             Began as a Deep Elf Hedge Wizard on Aug 5, 2021.
             Killed by miscasting Mephitic Cloud (7 damage)
             ... on level 3 of the Dungeon.
             The game lasted 00:02:54 (2887 turns).

pokeman the Magician (Deep Elf Hedge Wizard)        Turns: 2887, Time: 00:02:55

Health: -3/25      AC:  2    Str: 13    XL:     4   Next: 90%
Magic:  0/13       EV: 13    Int: 20    God:
Gold:   73         SH:  0    Dex: 14    Spells: 3/14 levels left

rFire   . . .      SeeInvis .   m - +0 long sword
rCold   . . .      Faith    .   (no shield)
rNeg    . . .      Spirit   .   b - +0 robe
rPois   .          Reflect  .   c - +0 hat
rElec   .          Harm     .   (no cloak)
rCorr   .          Rampage  .   (no gloves)
Will    .....                   (no boots)
Stlth   ++........              (no amulet)
HPRegen 0.08/turn               j - +6 ring of strength
MPRegen 0.13/turn               (no ring)

@: very slightly contaminated
A: no striking features
a: no special abilities


You were on level 3 of the Dungeon.
You visited 1 branch of the dungeon, and saw 3 of its levels.

You collected 73 gold pieces.

Inventory:

Hand Weapons
 m - a +0 long sword (weapon)
Armour
 b - a +0 robe (worn)
 c - a +0 hat (worn)
Jewellery
 j - a +6 ring of strength (left hand)
Scrolls
 d - a scroll of blinking {unknown}
 e - a scroll of enchant armour {unknown}
 g - a scroll of teleportation {unknown}
 i - a scroll of identify {unknown}
 l - a scroll of vulnerability {unknown}
Potions
 f - a potion of lignification {unknown}
 h - a potion of ambrosia {unknown}
 k - a potion of resistance {unknown}


   Skills:
 - Level 1.0 Fighting
 - Level 1.0 Armour
 - Level 3.0 Dodging
 + Level 2.4 Stealth
 * Level 5.9 Spellcasting
 + Level 2.3 Conjurations
 - Level 1.1 Summonings
 - Level 1.1 Translocations
 - Level 1.1 Fire Magic
 + Level 0.0 Air Magic


You had 3 spell levels left.
You knew the following spells:

 Your Spells              Type           Power      Damage    Failure   Level
a - Magic Dart            Conj           60%        1d6       4%          1
b - Mephitic Cloud        Conj/Pois/Air  9%         N/A       22%         3
c - Call Imp              Summ           10%        N/A       10%         2
d - Blink                 Tloc           N/A        N/A       10%         2
e - Conjure Flame         Conj/Fire      13%        6-21      16%         3

Your spell library contained the following spells:

 Spells                   Type           Power      Damage    Failure   Level
 Slow                     Hex            5%         N/A       16%         2
 Lesser Beckoning         Tloc           5%         N/A       21%         3
 Manifold Assault         Tloc           10%        N/A       88%         5


Dungeon Overview and Level Annotations

Branches:
Dungeon (3/15)

Altars:


Message History

Press: ? - help, Shift-Dir - straight line, f/p - worm
Aim: a worm (heavily wounded, 100% to hit)
The magic dart hits the worm.
The worm is severely wounded.
Casting: Magic Dart (safe; 4% risk of failure)
Confirm with . or Enter, or press ? or * to list all spells.
Aiming: Magic Dart (safe; 4% risk of failure)
Press: ? - help, Shift-Dir - straight line, f/p - worm
Aim: a worm (severely wounded, 100% to hit)
The magic dart hits the worm.
The worm is severely wounded.
The worm bites you!
Your magical contamination has completely faded away.
Casting: Magic Dart (safe; 4% risk of failure)
Confirm with . or Enter, or press ? or * to list all spells.
Aiming: Magic Dart (safe; 4% risk of failure)
Press: ? - help, Shift-Dir - straight line, f/p - worm
Aim: a worm (severely wounded, 100% to hit)
You miscast Magic Dart.
You are very lightly contaminated with residual magic.
Nothing appears to happen.
The worm bites you!
* * * LOW HITPOINT WARNING * * *
Casting: Magic Dart (safe; 4% risk of failure)
Confirm with . or Enter, or press ? or * to list all spells.
Aiming: Magic Dart (safe; 4% risk of failure)
Press: ? - help, Shift-Dir - straight line, f/p - worm
Aim: a worm (heavily wounded, 100% to hit)
The magic dart hits the worm but does no damage.
The worm is heavily wounded.
Unknown command.
The worm closely misses you.
Casting: Magic Dart (safe; 4% risk of failure)
Confirm with . or Enter, or press ? or * to list all spells.
The spell is extremely dangerous to cast (22% risk of failure)!
Continue anyway?
Aiming: Mephitic Cloud (extremely dangerous; 22% risk of failure)
Press: ? - help, Shift-Dir - straight line, f/p - worm
Aim: a worm (heavily wounded, chance to affect: 81%)
You miscast Mephitic Cloud.
The air around you crackles with energy!
You die...

# #
###########
..........#
#########.#
##.########
#.........#
##.######.#
### #@#
#.###..##
#.w......
#####..## #


You could see a worm.

Vanquished Creatures
  A bullfrog (D:3)
  An adder (D:2)
  A worm (D:2)
  4 dart slugs
  2 endoplasms (D:2)
  A giant cockroach (D:3)
  5 goblins
  3 hobgoblins
  6 jackals (D:2)
  3 kobolds
  3 quokkas
  A ball python (D:2)
  2 bats (D:2)
  8 frilled lizards
  5 rats
46 creatures vanquished.

Notes
Turn   | Place    | Note
-------+----------+-------------------------------------------
     0 | D:1      | pokeman the Deep Elf Hedge Wizard began the quest for the
                  | Orb.
     0 | D:1      | Reached XP level 1. HP: 10/10 MP: 7/7
   304 | D:1      | Reached XP level 2. HP: 15/15 MP: 7/9
   854 | D:1      | Reached skill level 5 in Spellcasting
  1129 | D:2      | Reached XP level 3. HP: 10/20 MP: 0/11
  1133 | D:2      | Learned a level 3 spell: Mephitic Cloud
  1136 | D:2      | Learned a level 2 spell: Call Imp
  1139 | D:2      | Learned a level 2 spell: Blink
  1143 | D:2      | Learned a level 3 spell: Conjure Flame
  1389 | D:2      | Reached skill level 1 in Fighting
  1673 | D:2      | Reached skill level 1 in Armour
  2639 | D:3      | Noticed a bullfrog
  2648 | D:3      | Killed a bullfrog
  2649 | D:3      | Reached skill level 1 in Fire Magic
  2649 | D:3      | Reached XP level 4. HP: 9/25 MP: 3/13
  2887 | D:3      | Killed by miscasting Mephitic Cloud

Illustrated notes

Levels and vault maps discovered:
D:1:      tarquinn_simple_flora_water_f, layout_loops_ring
D:2:      layout_loops_cross, minmay_misc_feat_iff, roderic_lattice_a
D:3:      layout_loops_ring, gammafunk_temple_overflow_elements

Skill      XL: |  1  2  3 |
---------------+----------+-----
Spellcasting   | 5 |  5.9
Fighting       | 1 |  1.0
Armour         | 1 |  1.0
Conjurations   | 2 |  2.3
Dodging        | 3 |  3.0
Fire Magic     | 1 |  1.1
Stealth        | |  2.4
Summonings     | |  1.1
Translocations | |  1.1

Action                   |  1- 3 |  4- 6 || total
-------------------------+-------+-------++-------
Melee: Dagger            |     7 |       ||     7
 Cast: Magic Dart        |   125 |     9 ||   134
Armor: Robe              |     5 |       ||     5
Dodge: Dodged            |    20 |     1 ||    21
       Rpst.: Long sword |     2 |       ||     2

Table legend: (Time is in decaauts)
 A = Elapsed time spent in this place.
 B = Non-inter-level travel time spent in this place.
 C = Inter-level travel time spent in this place.
 D = Time resting spent in this place.
 E = Time spent auto-exploring this place.
 F = Levels seen in this place.
 G = Mean time per level.
                   A        B        C        D        E       F      G
               +--------+--------+--------+--------+--------+-----+--------+
         Total |   2885 |   2852 |     33 |     15 |   2591 |   3 |  961.7 |
       Dungeon |   2885 |   2852 |     33 |     15 |   2591 |   3 |  961.7 |
               +--------+--------+--------+--------+--------+-----+--------+

Top non-repeatable levels by time:
     D:2: 1310 daAuts
     D:1: 1084 daAuts
     D:3: 490 daAuts
